 Dungeon Sprint DCSS version 0.31-a0-876-gfe8ebadbca (webtiles) character file.

Game seed: 14153191007365069034

1971 rocky1 the Carver (level 9, -4/68 HPs)
             Began as a Djinni Gladiator on Oct 14, 2023.
             Was an Initiate of Gozag.
             Slain by a flying skull (9 damage)
             ... in the Dungeon (Sprint II: "The Violet Keep of Menkaure").
             The game lasted 00:05:33 (1317 turns).

rocky1 the Carver (Djinni Gladiator)                Turns: 1317, Time: 00:05:34

Health: -4/68      AC: 14    Str: 19    XL:     9   Next: 43%
Gold:   327        EV: 11    Int: 11    God:    Gozag SH:  0 Dex: 23

rFire   + + .        a - +0 long sword
rCold   x . .        (no shield)
rNeg    . . .        k - +4 plate armour {Will+}
rPois   ∞            c - +0 helmet
rElec   .            (no cloak)
rCorr   .            l - +0 pair of gloves
SInv    .            (boots unavailable)
Will    +....        (no amulet) Stlth
                     m - ring of the Komtur {Str+6 Dex+5}
HPRegen 0.31/turn    (no ring)
MPRegen 0.00/turn

%: no teleportation, infuse magic (-5 HP)
@: mighty, gold aura, flying
A: sickness immunity, fire resistance 2, cold vulnerability 1, float, innate
caster, HP casting, extra vitality 1, deformed body, screaming 1, no potion heal
1, inability to read after injury 1
a: Renounce Religion, Potion Petition, Call Merchant, Bribe Branch


You were in the Dungeon.
You worshipped Gozag.
Gozag was aware of your devotion.
You visited 1 branch You collected 1971 gold pieces.
You spent 1644 gold pieces at shops.

Inventory:

Hand Weapons
 a - a +0 long sword (weapon)
Missiles
 d - 3 throwing nets (quivered)
 e - a javelin
Armour
 b - a +0 leather armour
 c - a +0 helmet (worn)
 i - the +2 scale mail of the Lich-sworn {rC+ rCorr Int+3 Dex-4}
   (You bought it in a shop in the Dungeon)

   Int+3:     It affects your intelligence (+3).
   Dex-4:     It affects your dexterity (-4).
   rC+:       It protects you from cold.
   rCorr:     It protects you from acid and corrosion.
 k - a +4 plate armour of willpower (worn)
 l - a +0 pair of gloves (worn)
Jewellery
 m - the ring of the Komtur (left hand) {Str+6 Dex+5}
   (You bought it in a shop in the Dungeon)

   [ring of strength]

   Str+6:     It affects your strength (+6).
   Dex+5:     It affects your dexterity (+5).
Scrolls
 f - a scroll of poison {unknown}
Potions
 h - a potion of might


   Skills:
 + Level 7.4 Fighting
 + Level 12.1 Long Blades
 - Level 6.1 Throwing
 + Level 5.5 Armour
 + Level 9.5 Dodging
 - Level 6.4 Stealth


You knew the following spells:

 Your Spells              Type           Power      Damage    Failure   Level
a - Sandblast             Erth           0%         2d4       100%        1
b - Poisonous Vapours     Pois/Air       0%         N/A       100%        2
c - Passwall              Tmut/Erth      0%         N/A       100%        2
d - Leda's Liquefaction   Hex/Erth       0%         N/A       100%        4
Your spell library was empty.


Dungeon Overview and Level Annotations

Branches:
Dungeon (1/1)

Altars:
Cheibriados
Dithmenos
Elyvilon
Fedhas
Gozag
Hepliaklqana
Makhleb
Nemelex Xobeh
Okawaru
Qazlal
Ru
Trog
Uskayaw
Wu Jian
Xom
Yredelemnul
Zin
The Shining One
Jiyva
Lugonu

Shops:
D *?:*!=[!([==*:[

Annotations:
D exclusions: obsidian statue and oklob plant, Lernaean hydra


Innate Abilities, Weirdness & Mutations

You are immune to sickness and miasma.
You are immune to poison.
Your flesh is very heat resistant. (rF++)
You are vulnerable to cold. (rC-)
You float through the air rather than walking.
You learn spells naturally, not from books.
Your magical power is your life essence.
You have superior vitality. (+4 MHP)
Armour fits poorly on your strangely shaped body.
You occasionally shout uncontrollably at your foes.
Potions are less effective at restoring your health.
You occasionally lose the ability to read scrolls when taking damage.


Message History

The flying skull is heavily damaged.
The flying skull hits you but does no damage. x2
Blink to where?
Press: ? - help, Dir - move target
Found a ring mail, 162 gold pieces and a purple potion.
As you read the scroll of blinking, it crumbles to dust.
The wyvern hisses angrily. x2
The 27-headed Lernaean hydra roars deafeningly!
The flying skull closely misses you.
The flying skull hits you but does no damage.
You reach down and open the door.
The flying skull hits you.
* * * LOW HITPOINT WARNING * * *
The flying skull hits you.
* * * LOW HITPOINT WARNING * * *
The flying skull hits you but does no damage.
The flying skull closely misses you. x2
Unknown command.
The flying skull closely misses you.
There is an open door here.
You miss the flying skull. The flying skull hits you.
* * * LOW HITPOINT WARNING * * *
Okay, then.
Okay, then.
You feel very mighty all of a sudden. The flying skull barely misses you.
The flying skull misses you.
Unknown command.
You slice the flying skull!!
The flying skull is almost destroyed.
The flying skull closely misses you.
You hit the flying skull.
You destroy the flying skull!
You now have 327 gold pieces (gained 36).
The water moccasin is distracted by your dazzling golden aura.
The flying skull is distracted by your dazzling golden aura.
Your Long Blades skill increases to level 12!
You miss the flying skull.
The flying skull hits you but does no damage.
The flying skull hits you!
You die...
Your body crumbles into a pile of gold.

##∩.∩.∩.∩.#~~####.#.####..
##.∩.∩.∩..#~##.###'###.##.
##..∩.∩...#~#...##.##...#.
##...⌠....'~'.#.).<.'##.'.
##........#~#...##.##...#.
#▓▓▓▓▓▓▓###~##.###'###.##.
##$$.######~~####.######~~
#[.s#.S+^##~~~#.##..#~~~~
#∩Ps+SS#@##'#~##...##~~~~
#/$l#$##z##.#~~##'##~~~≈§
#$.l###zzz####~°°~~~~~~~§
##+###○zzzz# #'°°#+++#~≈≈
##○○z°≈###§§≈≈≈≈≈##≈§
###§°○°○##≈§§°○○°§§#
$9#+°☼°○≈°≈§°§≈°°≈§≈≈+
#+###○°≈≈.##≈°°§≈°°§≈## .D
#..°○○###≈≈≈≈°≈§##


You could see a toenail golem, 3 water moccasins, 2 wyverns, a redback and 9
flying skulls.

Vanquished Creatures
  A merfolk siren (D)
  3 flying skulls (D)
  3 neqoxecs (D)
  Menkaure (D)
  A water moccasin (D)
  4 necrophages (D)
  5 scorpions (D)
  4 lava snakes (D)
22 creatures vanquished.

Vanquished Creatures (others)
  A neqoxec (D)
1 creature vanquished.

Grand Total: 23 creatures vanquished

Notes
Turn   | Place    | Note
-------+----------+-------------------------------------------
     0 | D        | rocky1 the Djinni Gladiator began the quest for the Orb.
     0 | D        | Reached XP level 1. HP: 18/18 MP: 0/0
     1 | D        | Noticed a necrophage
     1 | D        | Noticed a necrophage
     1 | D        | Noticed a necrophage
     1 | D        | Noticed a necrophage
     5 | D        | Killed a necrophage
     6 | D        | Reached skill level 4 in Long Blades
     6 | D        | Reached skill level 5 in Dodging
     6 | D        | Reached XP level 2. HP: 24/24 MP: 0/0
     6 | D        | Reached XP level 3. HP: 29/29 MP: 0/0
     6 | D        | Learned a level 1 spell: Sandblast
     6 | D        | Reached XP level 4. HP: 34/34 MP: 0/0
    11 | D        | Killed a necrophage
    12 | D        | Reached skill level 5 in Long Blades
    12 | D        | Reached XP level 5. HP: 40/40 MP: 0/0
    12 | D        | Learned a level 2 spell: Poisonous Vapours
    19 | D        | Reached skill level 6 in Long Blades
    24 | D        | Reached XP level 6. HP: 34/47 MP: 0/0
    30 | D        | Noticed a water moccasin
    33 | D        | Found a glowing silver altar of Zin.
    34 | D        | Found a glowing golden altar of the Shining One.
    34 | D        | Found a basalt altar of Yredelemnul.
    34 | D        | Found a hide-covered altar of Uskayaw.
    35 | D        | Found a shimmering altar of Xom.
    35 | D        | Found a bloodstained altar of Trog.
    35 | D        | Found a burning altar of Makhleb.
    36 | D        | Killed a water moccasin
    37 | D        | Reached skill level 7 in Long Blades
    37 | D        | Found an ornate altar of the Wu Jian Council.
    37 | D        | Found a corrupted altar of Lugonu.
    38 | D        | Found a sacrificial altar of Ru.
    38 | D        | Found a white marble altar of Elyvilon.
    39 | D        | Found a stormy altar of Qazlal.
    39 | D        | Found a viscous altar of Jiyva.
    39 | D        | Found a shadowy altar of Dithmenos.
    40 | D        | Found a hazy altar of Hepliaklqana.
    40 | D        | Found a snail-covered altar of Cheibriados.
    43 | D        | Found a sparkling altar of Nemelex Xobeh.
    43 | D        | Found a blossoming altar of Fedhas.
    44 | D        | Found an iron altar of Okawaru.
    44 | D        | Found an opulent altar of Gozag.
    53 | D        | Became a worshipper of Gozag Ym Sagoz the Greedy
    86 | D        | Noticed Menkaure
    88 | D        | Noticed an obsidian statue
    96 | D        | Killed Menkaure
    97 | D        | Reached skill level 8 in Long Blades
    97 | D        | Reached skill level 5 in Throwing
    97 | D        | Reached skill level 1 in Armour
    97 | D        | Reached skill level 5 in Stealth
    97 | D        | Reached XP level 7. HP: 16/53 MP: 0/0
    97 | D        | Learned a level 2 spell: Passwall
    97 | D        | Found Itweyrodo's Antique Armour Shoppe.
    99 | D        | Found Qauwing's General Store.
    99 | D        | Found Xomiatax's Book Emporium.
   101 | D        | Found Nayt's Jewellery Shoppe.
   101 | D        | Found Exashred's Jewellery Emporium.
   104 | D        | Found Kiaffeuv's Antique Weapon Shoppe.
   104 | D        | Found Itinauf's Antique Armour Emporium.
   105 | D        | Found Beuckoth's Distillery.
   106 | D        | Found Dowi's Jewellery Emporium.
   106 | D        | Found Kerghu Toa's Antique Armour Shoppe.
   106 | D        | Noticed a redback
   240 | D        | Noticed a neqoxec
   240 | D        | Noticed a neqoxec
   240 | D        | Noticed a neqoxec
   240 | D        | Noticed a neqoxec
   244 | D        | Gained mutation: Armour fits poorly on your strangely
                  | shaped body. [a neqoxec]
   246 | D        | Gained mutation: Potions are less effective at restoring
                  | your health. [a neqoxec]
   251 | D        | Gained mutation: You occasionally shout uncontrollably at
                  | your foes. [a neqoxec]
   254 | D        | Killed a neqoxec
   255 | D        | Reached skill level 5 in Fighting
   318 | D        | Gained mutation: You occasionally lose the ability to read
                  | scrolls when taking damage. [a neqoxec]
   321 | D        | Killed a neqoxec
   324 | D        | Killed a neqoxec
   367 | D        | Noticed a merfolk siren
   388 | D        | Killed a merfolk siren
   389 | D        | Reached skill level 9 in Long Blades
   389 | D        | Reached XP level 8. HP: 43/61 MP: 0/0
   480 | D        | Reached skill level 10 in Long Blades
   646 | D        | Found Arche's Distillery.
   646 | D        | Found Mymuih's General Store.
   646 | D        | Noticed an oklob plant
   647 | D        | Found Taaphefu's Magic Scroll Shoppe.
   647 | D        | Found Egoisopp's Book Shoppe.
   647 | D        | Found Postues's Assorted Antiques.
   649 | D        | Noticed a wyvern
   650 | D        | Noticed a wyvern
   669 | D        | Bought a potion of heal wounds for 65 gold pieces
   669 | D        | Bought a potion of might for 52 gold pieces
   671 | D        | Bought a faintly glowing scale mail for 288 gold pieces
   671 | D        | Identified the +2 scale mail of the Lich-sworn {rC+ rCorr
                  | Int+3 Dex-4} (You bought it in a shop in the Dungeon)
   681 | D        | Bought a shiny plate armour for 468 gold pieces
   681 | D        | Bought a pair of gloves for 81 gold pieces
   698 | D        | Bought a potion of might for 48 gold pieces
   706 | D        | Bought the ring of the Komtur {Str+6 Dex+5} for 642 gold
                  | pieces
   740 | D        | Reached skill level 11 in Long Blades
   904 | D        | Reached XP level 9. HP: 39/67 MP: 0/0
   904 | D        | Learned a level 4 spell: Leda's Liquefaction
  1294 | D        | Reached skill level 5 in Armour
  1306 | D        | HP: 1/68 [flying skull (10)]
  1309 | D        | Noticed a toenail golem
  1309 | D        | Noticed the 27-headed Lernaean hydra
  1317 | D        | Reached skill level 12 in Long Blades
  1317 | D        | Slain by a flying skull

Illustrated notes

Levels and vault maps discovered:
D:        the_violet_keep_of_menkaure [sprint2_stairs_cluster_1,
          sprint2_shoproom, sprint2_temple, sprint2_basic_supplies,
          sprint2_obstacle_5, sprint2_obstacle_4, sprint2_obstacle_3,
          sprint2_obstacle_1, sprint2_obstacle_6, sprint2_timed_cluster_1,
          sprint2_smallroom_cluster_1, sprint2_smallroom_final_cluster_1,
          sprint2_transparent_cluster_1, sprint2_second_timed_cluster_1,
          sprint2_sniper_area_1, sprint2_heavy_combat_area_1,
          sprint2_mutation_trap_area_1, sprint2_forest_area_1,
          sprint2_light_combat_area_1, sprint2_behind_water_1,
          sprint2_near_end_vault_1]

Skill      XL: |  1  2  3  4  5  6  7  8  9 |
---------------+----------------------------+-----
Long Blades    | 4 5 6 8 9 11 12 | 12.1
Throwing       | 3 4 5 6 |  6.1
Dodging        | 5 6 7 8 9 |  9.5
Stealth        | 2 3 4 5 6 |  6.4
Fighting       | 3 4 5 6 7 |  7.4
Armour         | 1 2 4 5 |  5.5

Action                     |  1- 3 |  4- 6 |  7- 9 || total
---------------------------+-------+-------+-------++-------
  Melee: Long sword        |     3 |    23 |   143 ||   169
         Punch             |       |       |     3 ||     3
    Use: Potion            |     1 |     1 |     4 ||     6
         Scroll            |       |       |     1 ||     1
   Stab: Distracted        |       |     1 |       ||     1
 Armour: Leather armour    |     1 |    11 |    20 ||    32
         Plate armour      |       |       |    83 ||    83
  Dodge: Dodged            |       |    12 |    69 ||    81

Table legend: (Time is in decaauts)
 A = Elapsed time spent in this place.
 B = Non-inter-level travel time spent in this place.
 C = Inter-level travel time spent in this place.
 D = Time resting spent in this place.
 E = Time spent auto-exploring this place.
 F = Levels seen in this place.
 G = Mean time per level.
                   A        B        C        D        E       F      G
               +--------+--------+--------+--------+--------+-----+--------+
         Total |   1292 |   1292 |      0 |    818 |      0 |   1 | 1292.0 |
       Dungeon |   1292 |   1292 |      0 |    818 |      0 |   1 | 1292.0 |
               +--------+--------+--------+--------+--------+-----+--------+

Top non-repeatable levels by time:
       D: 1292 daAuts
